Map: Beckett Industries LE

Players

ignorant

  • Race: Protoss Protoss

TerranYOUup - Winner!

  • Race: Terran Terran
  • League: Diamond

VOD

Have the link to the VOD?

Description

Time

  • Played on: July 19, 2021, 3:40 p.m.
  • Length: 13:21
Show
View Real Time Build Order
Export as new Build Order

ignorant Protoss 

Build Orders: Oracle Opening 

Get SALT Encoding   

  12  0:00  Probe  
  13  0:13  Probe  
  14  0:20  Pylon  
  14  0:26  Probe  
  15  0:38  Probe  
  15  0:40  Gateway  
  16  0:50  Probe  
  16  0:51  Assimilator  
  17  1:02  Probe, Assimilator  
  18  1:14  Probe  
  19  1:25  Zealot (Chrono Boost)  
  19  1:28  Cybernetics Core  
  21  1:35  Pylon  
  21  1:40  Probe  
  22  1:52  Probe  
  23  2:02  Adept (Chrono Boost)  
  23  2:03  Gateway  
  25  2:11  Gateway  
  25  2:16  Warp Gate (Chrono Boost)  
  25  2:26  Stargate  
  26  2:30  Probe  
  26  2:38  Pylon  
  26  2:44  Probe  
  27  2:56  Probe  
  28  3:07  Nexus  
  28  3:11  Oracle (Chrono Boost)  
  31  3:25  Probe  
  32  3:36  Twilight Council  
  32  3:37  Probe  
  33  3:46  Forge  
  33  3:49  Probe  
  34  3:59  Charge  
  34  4:00  Pylon  
  34  4:01  Probe  
  32  4:13  Protoss Ground Armor Level 1 (Chrono Boost), Probe  
  33  4:25  Robotics Facility  
  33  4:26  Probe  
  33  4:28  Probe  
  35  4:34  Oracle  
  35  4:38  Probe  
  39  4:41  Probe  
  40  4:50  Probe  
  41  4:53  Probe  
  42  5:02  Probe  
  42  5:05  Probe  
  42  5:14  Probe  
  42  5:17  Probe  
  44  5:25  Gateway x2  
  44  5:28  Gateway  
  44  5:29  Gateway  
  44  5:33  Gateway  
  44  5:38  Pylon, Gateway  
  44  5:42  Gateway  
  44  5:44  Observer  
  44  5:49  Shield Battery  
  45  5:58  Zealot x2  
  49  6:05  Warp Prism  
  49  6:09  Pylon  
  51  6:21  Protoss Ground Armor Level 2 (Chrono Boost)  
  51  6:27  Zealot x6  
  63  6:37  Zealot x2  
  62  6:50  Zealot x3  
  62  6:51  Zealot x3  
  56  7:03  Pylon  
  56  7:04  Pylon  
  56  7:17  Zealot x2  
  56  7:18  Zealot x5  
  70  7:42  Zealot x6  
  70  7:43  Zealot x2  
  81  7:49  Pylon  
  81  7:50  Pylon  
  65  8:04  Stalker x4  
  71  8:09  Zealot  
  51  8:23  Templar Archives  
  49  8:29  Assimilator, Zealot x3  
  49  8:31  Assimilator, Zealot  
  57  8:34  Zealot  
  59  8:42  Probe x2  
  59  8:45  Zealot x2  
  65  8:49  Zealot  
  67  8:58  Pylon  
  67  9:02  High Templar x2  
  69  9:03  High Templar x2  
  69  9:07  Archon  
  69  9:08  Archon  
  75  9:16  High Templar x3  
  79  9:21  Zealot  
  79  9:22  Archon  
  79  9:35  Pylon  
  79  9:36  Pylon  
  79  9:38  Pylon  
  56  10:02  Zealot  
  51  10:09  Zealot  
  41  10:20  Zealot  
  21  10:40  Void Ray (Chrono Boost)  
  25  10:57  Sentry  
  27  11:07  Void Ray (Chrono Boost)  
  25  11:50  Photon Cannon  
  25  11:56  Photon Cannon  
  25  12:13  Void Ray  
Show
View Real Time Build Order
Export as new Build Order

TerranYOUup Terran - Winner!

Build Orders: 2 Factory, Command Center First (CC) 

Get SALT Encoding   

  12  0:00  SCV  
  13  0:13  SCV  
  14  0:17  Supply Depot  
  14  0:25  SCV  
  15  0:38  SCV  
  16  0:51  SCV  
  17  1:04  SCV  
  18  1:11  Command Center  
  18  1:16  SCV  
  19  1:21  Barracks  
  19  1:28  SCV  
  20  1:37  Barracks  
  20  1:41  SCV  
  21  1:57  SCV  
  21  2:00  Refinery x2  
  22  2:11  Marine  
  22  2:14  Bunker  
  23  2:20  Barracks  
  23  2:23  SCV  
  23  2:29  Marine x2  
  26  2:33  Orbital Command  
  25  2:47  Marine x2  
  26  2:52  Orbital Command  
  26  2:54  Orbital Command  
  26  3:09  Factory  
  26  3:16  Marine x2  
  26  3:19  SCV  
  29  3:23  SCV  
  29  3:27  Factory  
  29  3:31  SCV  
  30  3:34  Marine x2  
  30  3:40  Barracks  
  32  3:43  SCV  
  33  3:50  Supply Depot  
  33  3:54  SCV  
  33  3:55  SCV  
  35  3:56  Barracks Reactor  
  35  4:01  Factory Tech Lab  
  35  4:04  Barracks Reactor  
  35  4:10  SCV  
  35  4:12  Factory Tech Lab  
  35  4:17  Supply Depot  
  36  4:22  Cyclone  
  39  4:26  SCV x2  
  41  4:32  Supply Depot  
  41  4:34  Cyclone  
  41  4:38  Barracks Reactor  
  44  4:40  Marine x2  
  46  4:46  SCV x2  
  46  4:49  Marine, Refinery  
  49  4:59  SCV  
  51  5:00  SCV  
  51  5:05  Marine  
  51  5:06  Marine x2  
  53  5:07  Marine  
  54  5:16  Cyclone  
  57  5:23  SCV x2, Marine x2  
  57  5:24  Marine  
  62  5:29  Supply Depot  
  62  5:32  Supply Depot  
  62  5:36  Supply Depot  
  62  5:38  Marine, Siege Tank  
  62  5:41  Marine x2  
  62  5:42  Marine x2  
  70  5:51  Marine, SCV x2  
  70  5:55  Marine  
  74  6:03  Marine x2  
  74  6:04  Marine x2  
  77  6:05  Siege Tank  
  77  6:06  SCV  
  77  6:09  Marine  
  77  6:11  Siege Tank  
  86  6:13  Marine  
  87  6:20  SCV x2  
  89  6:34  Marine x5  
  94  6:47  Siege Tank  
  94  6:49  Siege Tank  
  78  7:01  Marine x3  
  72  7:10  Marine x3  
  73  7:16  SCV  
  73  7:18  Command Center  
  73  7:19  Siege Tank, Marine x3  
  73  7:21  Siege Tank  
  83  7:28  Marine x3  
  86  7:31  Supply Depot  
  86  7:37  Marine x3  
  86  7:42  Supply Depot  
  86  7:49  Marine x3  
  67  7:54  Marine  
  67  7:55  Marine x2  
  61  8:06  Marine x3  
  45  8:44  Orbital Command  
  45  8:47  SCV  
  45  8:48  SCV  
  47  8:56  Marine  
  47  8:57  Marine x2  
  50  9:15  Bunker  
  44  9:35  Orbital Command  
  10  10:40  Orbital Command  
  10  10:44  Marine  
  10  10:45  Marine  
  10  10:47  Marine, Orbital Command  
  10  10:48  Widow Mine x2  
  17  10:50  Orbital Command  
  17  11:08  Marine x3  
  20  11:13  Widow Mine x2  
  20  11:26  Marine x3  
  17  12:11  Marine x3  
  17  12:12  Widow Mine x2  
  21  12:48  Marine x2  
  21  12:49  Marine, Factory Tech Lab x2  
  24  12:53  SCV x2  
Tags
 
Add a new tag
Caveats
  • Supply blocks, unpowered buildings, or Contaminate may cause inaccurate times.
  • Supply counts are checked every 10 seconds.